[ AOE2 MATCH · #474025277 ]
Team RMHuns vs Wu
[ REPLAY ANALYSIS · EXTRACTED FROM THE RECORDED GAME ]
Feudal
—
Castle
—
Imperial
—
| APM avg | 10.7 |
| APM peak | 54 |
| eAPM avg | 4.3 |
| Villagers / military | 22 / 0 |
Focus
⚔️ 21.1% · 🌾 78.9%
Fishing Ship ×4
Feudal
13:06
Castle
17:27
Imperial
—
| APM avg | 29.8 |
| APM peak | 92 |
| eAPM avg | 16.2 |
| Villagers / military | 77 / 11 |
Focus
⚔️ 23.0% · 🌾 77.0%
Fishing Ship ×25 · Unknown (1974) ×17 · Fire Galley ×7 · Scorpion ×2 · Battering Ram ×2
Feudal
13:22
Castle
16:52
Imperial
—
| APM avg | 31.1 |
| APM peak | 64 |
| eAPM avg | 16.7 |
| Villagers / military | 50 / 37 |
Focus
⚔️ 36.7% · 🌾 63.3%
Cavalry Archer ×36 · Fishing Ship ×10 · Fire Galley ×1
Feudal
13:47
Castle
17:43
Imperial
—
| APM avg | 36.9 |
| APM peak | 74 |
| eAPM avg | 17.8 |
| Villagers / military | 38 / 17 |
Focus
⚔️ 31.2% · 🌾 68.8%
Conquistador ×12 · Fishing Ship ×9 · Fire Galley ×4 · Monk ×1
Match map
Initial resources + every placement click. Lines = walls · curves = elevation contours. ◆ gold · ⬟ stone · ● berries · ✦ relic · ◌ wall gap
Your base· Open — unwalled flank
omardaf56's base· Open — 4t gap
Kullervo's base· Open — 3t gap
Genitaali's base· Open — unwalled flank
Smoothed initial terrain · ◌ = detected wall gap · hover for details
Inputs per minute
— Markki22 kela.fi - - omardaf56
Build order — Markki22 kela.fi
30 actions detected in the replay
| 0:25 | Build | Town Center |
| 2:25 | Create | Villager (Male) |
| 2:25 | Create | Villager (Male) |
| 2:26 | Create | Villager (Male) |
| 2:26 | Create | Villager (Male) |
| 2:26 | Create | Villager (Male) |
| 2:26 | Create | Villager (Male) |
| 4:08 | Research | Loom |
| 4:47 | Create | Villager (Male) |
| 4:47 | Create | Villager (Male) |
| 4:48 | Create | Villager (Male) |
| 4:55 | Build | Dock |
| 5:09 | Build | Dock |
| 5:14 | Create | Villager (Male) |
| 5:14 | Create | Villager (Male) |
| 5:43 | Create | Villager (Male) |
| 5:44 | Create | Villager (Male) |
| 6:12 | Create | Villager (Male) |
| 6:12 | Create | Villager (Male) |
| 6:12 | Create | Villager (Male) |
| 6:17 | Create | Fishing Ship |
| 6:20 | Create | Fishing Ship |
| 6:56 | Create | Villager (Male) |
| 6:56 | Create | Villager (Male) |
| 6:57 | Create | Villager (Male) |
| 6:57 | Create | Villager (Male) |
| 6:57 | Create | Villager (Male) |
| 7:51 | Create | Villager (Male) |
| 7:53 | Create | Fishing Ship |
| 7:56 | Create | Fishing Ship |
Build order — omardaf56
First 150 of 188 actions detected
| 0:08 | Build | Town Center |
| 0:34 | Build | Dock |
| 0:35 | Build | House |
| 2:27 | Create | Villager (Male) |
| 2:27 | Create | Villager (Male) |
| 2:27 | Create | Villager (Male) |
| 2:27 | Create | Villager (Male) |
| 2:28 | Create | Villager (Male) |
| 2:28 | Create | Villager (Male) |
| 3:37 | Create | Villager (Male) |
| 3:37 | Create | Villager (Male) |
| 3:38 | Create | Fishing Ship |
| 3:38 | Create | Fishing Ship |
| 4:04 | Build | House |
| 4:51 | Create | Villager (Male) |
| 4:51 | Create | Villager (Male) |
| 5:03 | Create | Fishing Ship |
| 5:03 | Create | Fishing Ship |
| 5:12 | Create | Villager (Male) |
| 5:12 | Create | Villager (Male) |
| 5:37 | Create | Villager (Male) |
| 5:38 | Create | Villager (Male) |
| 5:41 | Build | House |
| 6:16 | Create | Villager (Male) |
| 6:19 | Create | Fishing Ship |
| 6:20 | Create | Fishing Ship |
| 6:20 | Create | Fishing Ship |
| 6:35 | Create | Villager (Male) |
| 6:36 | Create | Villager (Male) |
| 6:36 | Create | Villager (Male) |
| 6:44 | Create | Fishing Ship |
| 6:44 | Create | Fishing Ship |
| 6:59 | Create | Villager (Male) |
| 6:59 | Create | Villager (Male) |
| 7:06 | Build | House |
| 7:36 | Create | Villager (Male) |
| 7:36 | Create | Villager (Male) |
| 7:36 | Create | Villager (Male) |
| 7:36 | Create | Villager (Male) |
| 7:40 | Create | Fishing Ship |
| 7:40 | Create | Fishing Ship |
| 8:09 | Create | Fishing Ship |
| 8:21 | Build | House |
| 8:37 | Create | Villager (Male) |
| 9:05 | Create | Villager (Male) |
| 9:17 | Build | Lumber Camp |
| 9:33 | Create | Villager (Male) |
| 9:35 | Create | Fishing Ship |
| 9:58 | Create | Villager (Male) |
| 10:23 | Build | House |
| 10:31 | Create | Villager (Male) |
| 10:41 | Research | Feudal Age |
| 10:59 | Build | Mining Camp |
| 11:19 | Build | Dock |
| 11:25 | Create | Fishing Ship |
| 11:49 | Build | Mill |
| 12:04 | Create | Villager (Male) |
| 12:14 | Build | House |
| 12:18 | Create | Fishing Ship |
| 12:45 | Create | Villager (Male) |
| 13:06 | Age | Feudal Age |
| 13:15 | Build | Market |
| 13:21 | Create | Villager (Male) |
| 13:25 | Research | Double-Bit Axe |
| 14:00 | Research | Loom |
| 14:14 | Build | Blacksmith |
| 14:47 | Research | Castle Age |
| 14:51 | Build | House |
| 15:06 | Research | Tech 906 |
| 15:44 | Build | Barracks |
| 16:06 | Create | Villager (Male) |
| 16:06 | Create | Villager (Male) |
| 16:09 | Research | Scale Mail Armor |
| 16:15 | Create | Fishing Ship |
| 16:15 | Create | Fishing Ship |
| 16:40 | Build | Dock |
| 16:48 | Research | Gold Mining |
| 17:24 | Build | Barracks |
| 17:27 | Age | Castle Age |
| 17:30 | Research | Squires |
| 17:32 | Create | Unit 1974 |
| 17:33 | Create | Unit 1974 |
| 17:49 | Research | War Galley (upgrade) |
| 18:04 | Create | Fire Galley |
| 18:04 | Create | Fire Galley |
| 18:05 | Create | Fire Galley |
| 18:05 | Create | Fire Galley |
| 18:17 | Create | Villager (Male) |
| 18:28 | Create | Unit 1974 |
| 18:29 | Create | Unit 1974 |
| 18:29 | Create | Unit 1974 |
| 18:29 | Create | Unit 1974 |
| 18:45 | Build | Town Center |
| 18:48 | Create | Villager (Male) |
| 18:48 | Create | Villager (Male) |
| 18:52 | Build | House |
| 18:56 | Build | House |
| 18:57 | Build | House |
| 19:17 | Create | Villager (Male) |
| 19:18 | Create | Villager (Male) |
| 19:32 | Create | Fire Galley |
| 19:32 | Create | Fire Galley |
| 19:32 | Create | Fire Galley |
| 19:44 | Create | Villager (Male) |
| 20:22 | Create | Villager (Male) |
| 20:22 | Create | Villager (Male) |
| 20:22 | Create | Villager (Male) |
| 20:28 | Create | Villager (Male) |
| 20:28 | Create | Villager (Male) |
| 20:50 | Create | Villager (Male) |
| 20:50 | Create | Villager (Male) |
| 20:56 | Build | Town Center |
| 20:57 | Create | Villager (Male) |
| 20:58 | Create | Villager (Male) |
| 21:14 | Create | Unit 1974 |
| 21:14 | Create | Unit 1974 |
| 21:14 | Create | Unit 1974 |
| 21:19 | Create | Villager (Male) |
| 21:20 | Create | Villager (Male) |
| 21:24 | Build | House |
| 21:29 | Research | Gillnets |
| 21:30 | Create | Fishing Ship |
| 21:30 | Create | Fishing Ship |
| 21:31 | Create | Fishing Ship |
| 21:31 | Create | Fishing Ship |
| 21:31 | Create | Fishing Ship |
| 21:31 | Create | Fishing Ship |
| 21:31 | Create | Fishing Ship |
| 21:32 | Create | Fishing Ship |
| 21:53 | Create | Villager (Male) |
| 21:57 | Build | Lumber Camp |
| 22:20 | Create | Villager (Male) |
| 22:20 | Create | Villager (Male) |
| 22:36 | Build | Siege Workshop |
| 22:46 | Build | House |
| 23:00 | Create | Unit 1974 |
| 23:01 | Create | Unit 1974 |
| 23:01 | Create | Unit 1974 |
| 23:01 | Create | Unit 1974 |
| 23:02 | Create | Villager (Male) |
| 23:02 | Create | Villager (Male) |
| 23:04 | Build | House |
| 23:07 | Build | House |
| 23:27 | Create | Villager (Male) |
| 23:27 | Create | Villager (Male) |
| 23:27 | Create | Villager (Male) |
| 23:36 | Build | Town Center |
| 23:40 | Research | Wheelbarrow |
| 23:40 | Research | Town Watch |
| 23:50 | Create | Scorpion |
Build order — Kullervo
First 150 of 155 actions detected
| 0:09 | Build | Town Center |
| 1:00 | Build | Dock |
| 1:03 | Build | House |
| 2:28 | Create | Villager (Male) |
| 2:28 | Create | Villager (Male) |
| 2:29 | Create | Villager (Male) |
| 2:29 | Create | Villager (Male) |
| 2:29 | Create | Villager (Male) |
| 3:45 | Create | Fishing Ship |
| 4:07 | Create | Villager (Male) |
| 4:18 | Build | House |
| 4:35 | Research | Loom |
| 5:11 | Create | Villager (Male) |
| 5:12 | Create | Fishing Ship |
| 5:35 | Create | Villager (Male) |
| 5:54 | Create | Villager (Male) |
| 6:03 | Create | Fishing Ship |
| 6:06 | Create | Villager (Male) |
| 6:06 | Create | Villager (Male) |
| 6:08 | Build | House |
| 6:46 | Create | Fishing Ship |
| 6:54 | Create | Villager (Male) |
| 6:54 | Create | Villager (Male) |
| 7:16 | Create | Villager (Male) |
| 7:20 | Build | House |
| 7:35 | Create | Villager (Male) |
| 7:41 | Create | Fishing Ship |
| 7:41 | Create | Fishing Ship |
| 7:48 | Create | Villager (Male) |
| 8:02 | Create | Villager (Male) |
| 8:23 | Create | Villager (Male) |
| 8:25 | Create | Fishing Ship |
| 8:41 | Create | Villager (Male) |
| 8:50 | Build | House |
| 9:00 | Create | Villager (Male) |
| 9:04 | Build | Palisade Wall |
| 9:09 | Build | Palisade Wall |
| 9:13 | Create | Villager (Male) |
| 9:20 | Build | House |
| 9:25 | Create | Villager (Male) |
| 9:31 | Create | Fishing Ship |
| 9:32 | Create | Villager (Male) |
| 9:35 | Build | House |
| 9:44 | Create | Villager (Male) |
| 10:29 | Build | Mill |
| 10:34 | Create | Fishing Ship |
| 10:35 | Create | Fishing Ship |
| 10:37 | Create | Villager (Male) |
| 11:12 | Research | Feudal Age |
| 11:13 | Research | Feudal Age |
| 11:32 | Build | House |
| 12:51 | Create | Villager (Male) |
| 12:51 | Create | Villager (Male) |
| 13:22 | Age | Feudal Age |
| 13:24 | Build | Market |
| 13:25 | Build | Blacksmith |
| 13:37 | Build | Mule Cart |
| 14:11 | Research | Castle Age |
| 14:33 | Build | Barracks |
| 14:38 | Research | Double-Bit Axe |
| 14:39 | Research | Double-Bit Axe |
| 15:49 | Build | Archery Range |
| 16:04 | Build | Palisade Wall |
| 16:15 | Build | Archery Range |
| 16:21 | Create | Villager (Male) |
| 16:43 | Build | House |
| 16:44 | Build | House |
| 16:52 | Age | Castle Age |
| 16:56 | Create | Cavalry Archer |
| 16:57 | Create | Cavalry Archer |
| 16:57 | Create | Villager (Male) |
| 17:03 | Build | Outpost |
| 17:04 | Create | Villager (Male) |
| 17:20 | Create | Cavalry Archer |
| 17:21 | Create | Cavalry Archer |
| 17:35 | Build | House |
| 17:36 | Create | Villager (Male) |
| 17:44 | Research | Bow Saw |
| 18:02 | Research | Fletching |
| 18:07 | Create | Cavalry Archer |
| 18:08 | Create | Cavalry Archer |
| 18:09 | Create | Villager (Male) |
| 18:20 | Create | Cavalry Archer |
| 18:20 | Create | Cavalry Archer |
| 18:20 | Create | Villager (Male) |
| 18:29 | Create | Cavalry Archer |
| 18:30 | Create | Cavalry Archer |
| 18:31 | Create | Villager (Male) |
| 18:35 | Create | Villager (Male) |
| 19:00 | Build | University |
| 19:09 | Create | Cavalry Archer |
| 19:09 | Create | Cavalry Archer |
| 19:10 | Create | Villager (Male) |
| 19:18 | Build | Mule Cart |
| 19:26 | Create | Fire Galley |
| 19:37 | Create | Villager (Male) |
| 19:55 | Create | Villager (Male) |
| 20:05 | Create | Cavalry Archer |
| 20:05 | Create | Cavalry Archer |
| 20:25 | Create | Villager (Male) |
| 20:33 | Research | Ballistics |
| 20:45 | Create | Cavalry Archer |
| 20:46 | Create | Cavalry Archer |
| 20:59 | Create | Villager (Male) |
| 21:25 | Research | Bodkin Arrow |
| 21:31 | Build | Stable |
| 21:33 | Create | Villager (Male) |
| 21:33 | Create | Villager (Male) |
| 21:35 | Build | Town Center |
| 21:48 | Create | Cavalry Archer |
| 21:48 | Create | Cavalry Archer |
| 21:51 | Create | Villager (Male) |
| 22:01 | Create | Cavalry Archer |
| 22:01 | Create | Cavalry Archer |
| 22:21 | Build | Mule Cart |
| 22:39 | Create | Cavalry Archer |
| 22:39 | Create | Cavalry Archer |
| 22:39 | Create | Cavalry Archer |
| 23:03 | Create | Cavalry Archer |
| 23:04 | Create | Cavalry Archer |
| 23:05 | Create | Villager (Male) |
| 23:27 | Create | Cavalry Archer |
| 23:27 | Create | Cavalry Archer |
| 23:28 | Create | Cavalry Archer |
| 23:38 | Create | Villager (Male) |
| 24:07 | Create | Cavalry Archer |
| 24:07 | Create | Cavalry Archer |
| 24:07 | Create | Cavalry Archer |
| 24:25 | Create | Villager (Male) |
| 24:26 | Create | Villager (Male) |
| 24:27 | Build | Farm |
| 24:28 | Build | Farm |
| 24:31 | Build | Farm |
| 24:31 | Build | Farm |
| 24:31 | Build | Farm |
| 24:31 | Build | Farm |
| 24:32 | Build | Farm |
| 24:33 | Create | Villager (Male) |
| 24:33 | Create | Villager (Male) |
| 24:34 | Build | Farm |
| 24:34 | Build | Farm |
| 24:35 | Build | Farm |
| 24:35 | Build | Farm |
| 24:35 | Build | Farm |
| 24:35 | Build | Farm |
| 24:36 | Build | Farm |
| 24:36 | Build | Farm |
| 24:39 | Create | Cavalry Archer |
| 24:39 | Create | Cavalry Archer |
| 25:23 | Create | Cavalry Archer |
Build order — Genitaali
111 actions detected in the replay
| 0:33 | Build | Town Center |
| 0:42 | Build | Town Center |
| 1:21 | Build | Dock |
| 1:23 | Build | House |
| 2:51 | Create | Villager (Male) ×4 |
| 2:51 | Create | Villager (Male) ×4 |
| 3:50 | Create | Fishing Ship |
| 4:04 | Create | Villager (Male) |
| 4:34 | Create | Fishing Ship |
| 4:39 | Research | Loom |
| 5:06 | Build | House |
| 5:23 | Create | Villager (Male) |
| 5:23 | Create | Villager (Male) |
| 5:30 | Build | House |
| 5:53 | Create | Villager (Male) |
| 5:54 | Create | Fishing Ship |
| 6:47 | Create | Villager (Male) |
| 6:48 | Create | Fishing Ship |
| 7:10 | Create | Fishing Ship |
| 7:12 | Create | Villager (Male) |
| 7:19 | Create | Villager (Male) |
| 7:44 | Create | Fishing Ship |
| 7:46 | Create | Villager (Male) |
| 8:27 | Create | Villager (Male) |
| 8:35 | Build | House |
| 8:41 | Create | Fishing Ship |
| 8:55 | Build | House |
| 8:59 | Build | House |
| 9:08 | Create | Fishing Ship |
| 9:08 | Create | Villager (Male) |
| 9:57 | Create | Villager (Male) |
| 10:06 | Create | Villager (Male) |
| 10:20 | Create | Fishing Ship |
| 10:33 | Build | Mining Camp |
| 10:36 | Create | Villager (Male) |
| 10:43 | Create | Villager (Male) |
| 11:00 | Create | Villager (Male) |
| 11:09 | Build | Dock |
| 11:16 | Build | House |
| 11:20 | Research | Feudal Age |
| 12:24 | Build | Mill |
| 12:57 | Create | Villager (Male) |
| 13:47 | Age | Feudal Age |
| 13:49 | Build | Market |
| 13:52 | Build | Blacksmith |
| 13:57 | Build | Blacksmith |
| 13:59 | Create | Villager (Male) |
| 14:06 | Build | House |
| 14:08 | Build | Palisade Wall |
| 14:10 | Create | Villager (Male) |
| 14:14 | Create | Fire Galley |
| 14:14 | Create | Fire Galley |
| 14:18 | Create | Villager (Male) |
| 14:32 | Build | House |
| 15:03 | Research | Castle Age |
| 15:32 | Research | Tech 906 |
| 15:51 | Create | Fire Galley |
| 15:57 | Create | Fire Galley |
| 16:17 | Build | House |
| 16:23 | Build | Outpost |
| 16:35 | Build | Palisade Wall |
| 16:39 | Build | Palisade Wall |
| 16:44 | Build | House |
| 17:03 | Build | House |
| 17:05 | Build | House |
| 17:19 | Build | House |
| 17:25 | Research | Gold Mining |
| 17:43 | Age | Castle Age |
| 17:46 | Build | Lumber Camp |
| 18:03 | Build | Castle |
| 18:13 | Research | Padded Archer Armor |
| 18:21 | Build | Palisade Wall |
| 18:32 | Build | Palisade Wall |
| 18:47 | Build | Building 673 |
| 18:53 | Build | Stone Wall |
| 18:58 | Create | Villager (Male) |
| 19:03 | Create | Villager (Male) |
| 19:45 | Create | Conquistador |
| 19:45 | Create | Conquistador |
| 19:48 | Research | Leather Archer Armor |
| 19:49 | Research | Leather Archer Armor |
| 19:52 | Create | Villager (Male) |
| 20:07 | Create | Villager (Male) |
| 20:15 | Research | Double-Bit Axe |
| 20:15 | Research | Double-Bit Axe |
| 20:44 | Create | Villager (Male) |
| 20:51 | Create | Conquistador |
| 20:51 | Create | Conquistador |
| 21:01 | Build | Lumber Camp |
| 21:04 | Create | Conquistador |
| 21:04 | Create | Conquistador |
| 21:30 | Research | Forging |
| 21:44 | Build | Monastery |
| 21:54 | Create | Villager (Male) |
| 22:00 | Research | Stone Mining |
| 22:19 | Create | Monk |
| 22:26 | Create | Villager (Male) |
| 23:02 | Build | University |
| 23:03 | Create | Conquistador |
| 23:04 | Create | Conquistador |
| 23:58 | Research | Ballistics |
| 24:00 | Create | Villager (Male) |
| 24:12 | Create | Conquistador |
| 24:12 | Create | Conquistador |
| 24:13 | Create | Villager (Male) |
| 24:41 | Build | Town Center |
| 25:30 | Create | Conquistador |
| 25:30 | Create | Conquistador |
| 25:37 | Create | Villager (Male) |
| 25:43 | Research | Bow Saw |
| 25:56 | Create | Villager (Male) |
Match timeline
| 0:34 | omardaf56 · first_building Dock |
| 1:00 | Kullervo · first_building Dock |
| 1:21 | Genitaali · first_building Dock |
| 4:55 | Markki22 kela.fi · first_building Dock |
| 9:04 | Kullervo · wall_segment Palisade Wall x1 |
| 9:09 | Kullervo · wall_segment Palisade Wall x1 |
| 10:11 | Markki22 kela.fi · resign |
| 13:06 | omardaf56 · age_up feudal |
| 13:22 | Kullervo · age_up feudal |
| 13:47 | Genitaali · age_up feudal |
| 14:08 | Genitaali · wall_segment Palisade Wall x16 |
| 14:33 | Kullervo · first_building Barracks |
| 15:44 | omardaf56 · first_building Barracks |
| 15:49 | Kullervo · first_building Archery Range |
| 16:04 | Kullervo · wall_segment Palisade Wall x6 |
| 16:35 | Genitaali · wall_segment Palisade Wall x11 |
| 16:39 | Genitaali · wall_segment Palisade Wall x11 |
| 16:52 | Kullervo · age_up castle |
| 17:27 | omardaf56 · age_up castle |
| 17:43 | Genitaali · age_up castle |
| 17:57 | omardaf56 · first_market_sell 100 food |
| 17:57 | omardaf56 · first_market_buy 100 wood |
| 18:03 | Genitaali · first_building Castle |
| 18:21 | Genitaali · wall_segment Palisade Wall x10 |
| 18:32 | Genitaali · wall_segment Palisade Wall x8 |
| 18:45 | Genitaali · first_market_buy 100 stone |
| 18:53 | Genitaali · wall_segment Stone Wall x2 |
| 20:32 | Kullervo · first_market_sell 100 food |
| 21:31 | Kullervo · first_building Stable |
| 21:44 | Genitaali · first_building Monastery |
| 22:36 | omardaf56 · first_building Siege Workshop |
| 24:32 | omardaf56 · first_building Castle |
[ AI ANALYSIS · 1 CREDIT ]
What really happened in this match?
Wolo.gg analyzes every decision: build order, eco, micro, common mistakes by bracket. Personalized analysis on WhatsApp or Discord in 30 seconds.
Civ guide
Huns
Map guide
Nomad
Perfil
Markki22 kela.fi